AoeStats
← pedro25043589

Arabia

507147441Analyzed
1v1 RM · 16d ago on Sep 16, 2026· 26m 22s· 2 players
Game mode
Random Map
Map size
Tiny (2 player)
Population
200
Speed
Normal
Resources
Standard
Victory
Conquest
Starting age
Dark Age
Ending age
Imperial Age
RankedLock teamsTeams togetherTeam positionsShared explorationLock speedFull tech treeHidden civsTurbo modeCheats
Victory
Defeat
🇺🇸 Franks · United States
883
+15
🇲🇽 Bohemians · Mexico
866
-41
pedro25043589
10:58 Feudal Age
9:16 Loom
11:02 Feudal Age
12:43 Wheelbarrow
12:06 Double-Bit Axe
15:10 Man-at-Arms
17:35 Arson
25:56 Padded Archer Armor
25:47 Fletching
ChrisFeng
8:10 Loom
11:12 Feudal Age
17:40 Castle Age
16:12 Double-Bit Axe
17:02 Forging
17:10 Gold Mining
17:59 Scale Barding Armor
21:56 Husbandry
22:40 Iron Casting
24:20 Bow Saw
27:14 Chain Barding Armor
Connection lost

Rejoining the realm…

Still unreachable

The connection could not be restored.

Session expired

The server has moved on; the page needs a fresh start.